 Dungeon Crawl Stone Soup version 0.31-a0-1370-gf52a5a9 (webtiles) character file.

Game seed: 14964813864931465313

2308381 dilly the Warrior (level 27, 155/155 HPs)
             Began as a Vine Stalker Alchemist on Dec 23, 2023.
             Was a High Priest of Okawaru.
             Escaped with the Orb
             ... and 3 runes
             ... and 4 gems!
             The game lasted 01:12:15 (54471 turns).

dilly the Warrior (Vine Stalker Alchemist)         Turns: 54471, Time: 01:12:15

Health: 155/155    AC: 19    Str: 15 (17) XL:     27
Magic:  36/36      EV: 36    Int:  6 (9)  God:    Okawaru [*****.]
Gold:   4762       SH: 20    Dex: 38      Spells: 18/42 levels left

rFire   + + .        a - +8 Vampire's Tooth {megavamp}
rCold   + . .        C - +0 kite shield {rC+ rF+}
rNeg    + + +        S - +3 troll leather armour
rPois   +            k - +1 helmet
rElec   .            K - +3 cloak "Jola" {Slay+3 Stlth+}
rCorr   +            l - +1 pair of gloves
SInv    .            w - +2 pair of boots {Fly}
Will    ++++.        x - macabre finger necklace {Finger+ rN+}
Stlth   ++           L - ring of Loesead {rF+ rN+ Will+ Int-4}
HPRegen 2.05/turn    R - ring "Qaares" {rPois rN+ rCorr Str+3 Dex+6}
MPRegen 0.25/turn    y - +6 ring of dexterity

%: guardian spirit
@: flying, hasted, studying 2 skills, very quick
A: fangs 3, regeneration 1, magic shield, antimagic bite, no potion heal 2,
dopey 1, sense surroundings 1, screaming 1, MP-powered wands
0: Orb of Zot
}: 3/15 runes: barnacled, silver, gossamer
a: Renounce Religion, Heroism, Finesse, Duel


You escaped.
You worshipped Okawaru.
Okawaru was extremely pleased with you.
You visited 11 branches of the dungeon, and saw 51 of its levels.
You visited the Abyss 1 time.
You visited 2 bazaars.
You also visited: Sewer, Ossuary, Ice Cave, Wizlab and Desolation.

You collected 8062 gold pieces.
You spent 3300 gold pieces at shops.

Inventory:

Hand Weapons
 a - the +8 Vampire's Tooth (weapon) {megavamp}
   (Okawaru gifted it to you on level 1 of the Lair of Beasts)
 b - the +8 arc blade {discharge, rElec}
   (You took it off an ogre mage on level 5 of the Vaults)

   rElec:     It insulates you from electricity.
Missiles
 d - 5 throwing nets
 e - 7 curare-tipped darts
 X - 12 silver javelins (quivered)
 Y - 46 javelins
Armour
 k - a +1 helmet (worn)
 l - a +1 pair of gloves (worn)
 w - a +2 pair of boots of flying (worn)
 C - a +0 kite shield of resistance (worn)
 K - the +3 cloak "Jola" (worn) {Slay+3 Stlth+}
   (You found it on level 5 of the Vaults)

   Slay+3:    It affects your accuracy & damage with ranged weapons and melee
   (+3).
   Stlth+:    It makes you more stealthy.
 S - a +3 troll leather armour (worn)
Jewellery
 i - a +6 ring of dexterity
 x - the macabre finger necklace (around neck) {Finger+ rN+}
   (You took it off a yaktaur captain on level 5 of the Vaults)

   [amulet of nothing]

   Finger+:   It enables you to equip an extra ring.
   rN+:       It protects you from negative energy.
 y - a +6 ring of dexterity (on amulet)
 B - an amulet of regeneration
 I - the ring of the Hammering Gods {rN+ Str+4}
   (You found it on level 3 of the Crypt)

   [ring of positive energy]

   Str+4:     It affects your strength (+4).
   rN+:       It protects you from negative energy.
 L - the ring of Loesead (left hand) {rF+ rN+ Will+ Int-4}
   (You found it on level 3 of the Crypt)

   [ring of positive energy]

   Int-4:     It affects your intelligence (-4).
   rF+:       It protects you from fire.
   rN+:       It protects you from negative energy.
   Will+:     It increases your willpower.
 M - the ring of Recklessness {Ice +Blink rCorr Int-5 Slay+3}
   (You found it in an ice cave)

   [ring of ice]

   Ice:       It enhances your ice magic.
   Int-5:     It affects your intelligence (-5).
   Slay+3:    It affects your accuracy & damage with ranged weapons and melee
   (+3).
   rF-:       It makes you vulnerable to fire.
   rC+:       It protects you from cold.
   +Blink:    It lets you blink.
   rCorr:     It protects you from acid and corrosion.
 N - the ring of Birdsong {rN+ Int+2}
   (You found it on level 3 of the Crypt)

   [ring of positive energy]

   Int+2:     It affects your intelligence (+2).
   rN+:       It protects you from negative energy.
 R - the ring "Qaares" (right hand) {rPois rN+ rCorr Str+3 Dex+6}
   (You found it on level 3 of the Depths)

   [ring of dexterity]

   Str+3:     It affects your strength (+3).
   Dex+6:     It affects your dexterity (+6).
   rPois:     It protects you from poison rN+: It protects you from negative
   energy.
   rCorr:     It protects you from acid and corrosion.
 T - the ring "Ogemiox" {rCorr MP+9 Int+3 SInv Stlth-}
   (You found it in the Desolation of Salt)

   [ring of see invisible]

   Int+3:     It affects your intelligence (+3).
   MP+9:      It affects your magic capacity (+9).
   SInv:      It lets you see invisible.
   rCorr:     It protects you from acid and corrosion.
   Stlth-:    It makes you less stealthy.
 V - a ring of protection from cold
Wands
 z - a wand of paralysis (61)
 P - a wand of quicksilver (40)
 Z - a wand of roots (32)
Scrolls
 f - 24 scrolls of teleportation
 g - 6 scrolls of enchant armour
 h - a scroll of acquirement
 m - 7 scrolls of immolation
 o - 6 scrolls of blinking
 r - 9 scrolls of vulnerability
 A - 7 scrolls of fear
 E - 15 scrolls of enchant weapon
 F - 7 scrolls of fog
 H - 5 scrolls of silence
 J - 3 scrolls of brand weapon
Potions
 c - 24 potions of curing
 n - 9 potions of enlightenment
 p - 4 potions of haste
 q - 9 potions of brilliance
 u - 5 potions of invisibility
 v - 5 potions of might
 D - 9 potions of ambrosia
 O - 3 potions of cancellation
 Q - 7 potions of resistance
 U - 2 potions of mutation
Miscellaneous
 j - a lightning rod (4/4)
 s - a tin of tremorstones (2/2)
 W - a phial of floods


   Skills:
 + Level 19.5 Fighting
 - Level 14.0 Short Blades
 - Level 18.0 Throwing
 - Level 7.0 Armour
 + Level 18.0 Dodging
 - Level 8.6 Stealth
 + Level 19.1 Shields
 - Level 8.0 Spellcasting
 - Level 8.1 Conjurations
 - Level 6.0 Necromancy
 - Level 6.0 Translocations
 - Level 5.0 Fire Magic
 - Level 2.0 Air Magic
 - Level 15.0 Alchemy
 - Level 13.0 Invocations
 - Level 10.3 Evocations


You had 18 spell levels left.
You knew the following spells:

 Your Spells              Type           Power      Damage    Failure   Level
a - Sting                 Conj/Alch      64%        1d7       1%          1
b - Mercury Vapours       Alch/Air       24%        N/A       1%          2
e - Irradiate             Conj/Alch      8%         3d14      10%         5
f - Fugue of the Fallen   Necr           9%         N/A       10%         3
t - Mephitic Cloud        Conj/Alch/Air  12%        N/A       3%          3
w - Olgreb's Toxic Radia  Alch           20%        N/A       1%          4
x - Sticky Flame          Fire/Alch      14%        2d5       6%          4
B - Blink                 Tloc           18%        N/A       4%          2

Your spell library contained the following spells:

 Spells                   Type           Power      Damage    Failure   Level
 Magic Dart               Conj           48%        1d5       1%          1
 Searing Ray              Conj           24%        2d5       1%          2
 Foxfire                  Conj/Fire      40%        2x1d6     2%          1
 Cigotuvi's Dreadful Rot  Necr/Alch/Air  22%        N/A       2%          2
 Passwall                 Alch/Erth      9%         N/A       2%          2
 Apportation              Tloc           18%        N/A       3%          1
 Momentum Strike          Conj/Tloc      20%        3d8       3%          2
 Fulminant Prism          Conj/Alch      8%         3d7       3%          4
 Lesser Beckoning         Tloc           18%        N/A       4%          2
 Sublimation of Blood     Necr           9%         N/A       4%          2
 Teleport Other           Tloc           9%         N/A       10%         3
 Volatile Blastmotes      Fire/Tloc      18%        2d11      12%         3
 Leda's Liquefaction      Alch/Erth      5%         N/A       17%         4
 Petrify                  Alch/Erth      11%        N/A       17%         4
 Dazzling Flash           Conj/Hex       14%        N/A       22%         3
 Hailstorm                Conj/Ice       7%         3d5       22%         3
 Stone Arrow              Conj/Erth      14%        3d7       22%         3
 Iskenderun's Mystic Bla  Conj/Tloc      10%        2d4       22%         4
 Dispel Undead            Necr           9%         3d8       32%         4
 Manifold Assault         Tloc           9%         N/A       32%         4
 Passage of Golubria      Tloc           9%         N/A       32%         4
 Freeze                   Ice            8%         1d3       36%         1
 Sandblast                Erth           4%         2d4       36%         1
 Yara's Violent Unravell  Hex/Alch       5%         3d4       43%         5
 Swiftness                Air            4%         N/A       45%         3
 Ensorcelled Hibernation  Hex/Ice        4%         N/A       50%         2
 Agony                    Necr           9%         N/A       65%         5
 Anguish                  Hex/Necr       3%         N/A       73%         4
 Frozen Ramparts          Ice            4%         1d1       75%         3
 Ozocubu's Armour         Ice            2%         N/A       75%         3
 Freezing Cloud           Conj/Ice/Air   3%         6-21      95%         5
 Cause Fear               Hex            1%         N/A       98%         4
 Starburst                Conj/Fire      5%         6d4       99%         6
 Metabolic Englaciation   Hex/Ice        1%         N/A       100%        5
 Silence                  Hex/Air        1%         N/A       100%        5
 Conjure Ball Lightning   Conj/Air       4%         3x3d6     100%        6
 Plasma Beam              Fire/Air       3%         2x1d13    100%        6
 Ozocubu's Refrigeration  Ice            1%         4d7       100%        7
 Discord                  Hex            1%         N/A       100%        8
 Disjunction              Tloc           4%         N/A       100%        8
 Fire Storm               Conj/Fire      5%         8d1       100%        9
 Polar Vortex             Ice            1%         N/A       100%        9
 Summon Small Mammal      Summ           Unusable   N/A       N/A         1
 Call Canine Familiar     Summ           Unusable   N/A       N/A         3
 Summon Guardian Golem    Hex/Summ       Unusable   N/A       N/A         3
 Tukima's Dance           Hex            Unusable   N/A       N/A         3
 Animate Armour           Summ/Erth      Unusable   N/A       N/A         4
 Death Channel            Necr           Unusable   N/A       N/A         6
 Simulacrum               Ice/Necr       Unusable   N/A       N/A         6
 Summon Horrible Things   Summ           Unusable   N/A       N/A         8

Dungeon Overview and Level Annotations

Branches:
Dungeon (15/15)            Temple (1/1) D:4            Lair (5/5) D:9
 Shoals (4/4) Lair:2       Spider (4/4) Lair:2        Slime (0/5) Lair:4
    Orc (2/2) D:10            Elf (3/3) Orc:2        Vaults (5/5) D:13
  Crypt (3/3) Vaults:2       Tomb (0/3) Crypt:3      Depths (4/4) D:15
    Zot (5/5) Depths:4      Sewer (visited)         Ossuary (visited)
  IceCv (visited)          WizLab (visited)         Desolation (visited)

Altars:
Ashenzari
Cheibriados
Dithmenos
Elyvilon
Fedhas
Gozag
Hepliaklqana
Kikubaaqudgha
Makhleb
Nemelex Xobeh
Okawaru
Qazlal
Ru
Sif Muna
Trog
Uskayaw
Vehumet
Wu Jian
Xom
Yredelemnul
Zin
The Shining One
Jiyva
Lugonu

Shops:
D:4 !   D:14 *   Orc:2 !*[(   Elf:1 (*   Elf:2 (=   Elf:3 ?   Vaults:1 ((
Vaults:2 (   Vaults:5 [   Depths:1 [:   Depths:4 :

Portals:
Hell: Depths:1 Depths:2 Depths:3
Abyss: Shoals:1 Depths:1 Depths:3
Pandemonium: Depths:1 Depths:2 Depths:3
Ziggurat: Depths:3
Trove: D:11 (give 2 scrolls of acquirement)

Annotations:
D:12 exclusions: fire elemental, ugly thing and 2 more exclusions
Lair:3 1 runed translucent door, arrowsters's ghost, journeyman HuAE
Lair:5 exclusion: obsidian statue
Shoals:1 1 runed translucent door
Elf:2 3 runed translucent doors
Depths:1 1 runed translucent door
Zot:1 exclusion: draconian scorcher, Vv


Innate Abilities, Weirdness & Mutations

You have razor-sharp teeth.
Your natural rate of healing is unusually fast.
When hurt, damage is shared between your health and your magic reserves.
Your bite disrupts and absorbs the magic of your enemies.
Potions cannot restore your health.
You are dopey. (Int -2)
You passively map a small area around you.
You occasionally shout uncontrollably at your foes.
You expend magic power (3 MP) to strengthen your wands.


Message History

Where to? (Tab/Enter - D:1 @ (x,y), ? - help)
Your extra speed is starting to run out.
You feel yourself slow down.
HP restored.
Magic restored.
There is a stone staircase leading up here.
You fly upwards.
There is a stone staircase leading down here.
There is a stone staircase leading up here.
You fly upwards.
There is a stone staircase leading down here.
An orange demon comes into view.
You puncture the orange demon! You bite the orange demon. You drain its power.
You barely miss the orange demon. Your bite misses the orange demon.
The orange demon is moderately wounded.
You hit the orange demon. You bite the orange demon! You drain its power.
You hit the orange demon. You bite the orange demon! You drain its power.
The orange demon is almost dead.
The orange demon completely misses you. The orange demon misses you.
You hit the orange demon. You bite the orange demon.
You kill the orange demon!
Okawaru accepts your kill.
No target in view!
No target in view!
No target in view!
No target in view!
No target in view!
No target in view!
No target in view!
(D) Dungeon (T) Temple (L) Lair (A) Shoals (N) Spider Nest (M) Slime Pits (O) Orcish Mines (E) Elven Halls (V) Vaults (C) Crypt (W) Tomb (U) Depths (H) Hell (Z) Zot
Where to? (Tab/Enter - D:1 @ (x,y), ? - help)
There is a stone staircase leading up here.
You fly upwards.
There is a stone staircase leading down here.
There is a staircase leading out of the dungeon here.
You feel yourself speed up.
You have escaped!

## ##.......## ##.##..#
#....#. # ##.........##
#..##.# #....#.
###...........####.##.#
#....#.
##......#......###..#.#
#....#.
#......###......###.#.#
#....#. ......##
##......##.#.# #...##.
.....##
##......#.#.#####...##.
....##
##.......#....##...##.
>..##
##..@...####..#.†)##.
....## ##.......#
##.'...##. .....##
##......#.# ###......
......## ##......##.#
#....#.
#......###......###.#
#....#.
##......#......###..#
#....#.
###...........####.##
##....[ # ##.....[...##
#..# ###### ##
##.......## ##.##


There were no monsters in sight!

Vanquished Creatures
  2 dread liches
  6 orbs of fire (Zot:5)
  An ancient lich (Zot:5)
  Boris (Crypt:2)
  Saint Roka (Depths:1)
  A curse toe (Zot:5)
  Margery (Depths:2)
  10 Killer Klowns
  3 caustic shrikes (Depths:4)
  Nikola (Spider:2)
  6 golden dragons
  3 electric golems
  14 tentacled monstrosities
  A walking earthen tome (Depths:4)
  Jorgrun (D:14)
  The ghost of Busi the Markscentaur, an adept CeHu of Okawaru (Vaults:3)
  9 liches
  Rupert (D:14)
  A walking frostbound tome (Depths:2)
  6 quicksilver dragons
  28 Orb Guardians
  9 titans
  5 sphinxes
  2 deep elf master archers (Elf:3)
  A searing wretch (Depths:2)
  2 ancient champions (Crypt:3)
  11 death cobs
  3 deep elf blademasters
  A walking divine tome (Depths:4)
  7 shadow dragons
  14 storm dragons
  9 tengu reavers
  12 draconian monks
  A daeva (Depths:1)
  4 protean progenitors (Zot:3)
  2 draconian shifters
  2 draconian knights
  4 fire giants
  2 iron dragons (Depths:3)
  7 deep elf sorcerers
  3 revenants (Crypt:3)
  An imperial myrmidon (Desolation)
  7 emperor scorpions
  11 frost giants
  5 draconian scorchers
  2 balrugs
  19 vault wardens
  6 ghost moths
  6 orc warlords
  4 deep elf elementalists
  5 ghouls
  6 war gargoyles
  2 curse skulls
  18 ironbound preservers
  3 draconian stormcallers
  A spriggan defender (Depths:4)
  6 draconian annihilators
  9 ironbound thunderhulks
  4 broodmothers
  4 reapers
  13 very ugly things
  The ghost of december12 the Warrior, a journeyman BaAr of Vehumet (D:12)
  13 stone giants
  3 vampire knights
  10 green draconians
  Nessos (D:13)
  5 deep elf demonologists (Elf:3)
  15 black draconians
  7 deep elf death magi
  20 dire elephants
  10 purple draconians
  A bunyip (shapeshifter) (Depths:2)
  9 deep elf annihilators
  7 yellow draconians
  15 white draconians
  2 halazid warlocks (Desolation)
  23 red draconians
  7 starcursed masses (Abyss:4)
  4 spark wasps
  5 eidola (Crypt:3)
  A blizzard demon (Depths:1)
  9 merfolk javelineers
  10 ragged hierophants (Desolation)
  12 fire dragons
  13 ettins
  9 merfolk impalers
  11 yaktaur captains
  2 crystal guardians
  5 rakshasas
  4 jiangshi (Crypt:3)
  5 deep elf high priests
  4 great orbs of eyes
  10 entropy weavers
  3 hydras
  A spectral shadow dragon (Crypt:3)
  A spriggan zombie (Depths:2)
  16 ironbound frosthearts
  8 ice dragons
  17 peacekeepers
  A spectral spriggan (Crypt:3)
  2 salamander tyrants (WizLab)
  17 servants of whispers (Desolation)
  9 ogre magi
  34 vault guards
  7 radroaches
  6 centaur warriors
  2 satyrs
  5 merfolk aquamancers
  A sphinx skeleton (Depths:2)
  4 jorogumos
  2 death knights (Crypt:1)
  6 spriggan air magi
  5 merfolk avatars
  31 two-headed ogres
  24 dancing weapons
  2 naga warriors (Vaults:3)
  A two-headed ogre (shapeshifter) (Depths:3)
  11 demonic crawlers
  6 boulder beetles
  4 deep troll shamans
  5 deep troll earth magi
  7 tengu warriors
  4 hell hogs (D:8)
  An occultist (Depths:2)
  3 orc high priests
  Sonja (D:13)
  2 spriggan berserkers
  2 sun demons (Abyss:4)
  3 vampire magi
  4 soul eaters
  5 iron trolls
  5 hell knights
  A spectral bunyip (Crypt:3)
  18 shadow wraiths
  23 deep elf knights
  22 skeletal warriors
  6 pharaoh ants
  2 spectral death yaks (Lair:5)
  A death drake (Depths:4)
  7 sea snakes
  4 skysharks
  A spectral anaconda (Lair:5)
  A glowing orange brain (shapeshifter) (Vaults:5)
  12 orb spiders
  4 sun moths
  41 deep trolls
  An iron giant skeleton (Crypt:3)
  5 flayed ghosts
  A shadow dragon zombie (Depths:2)
  13 deep elf archers
  9 glowing orange brains
  8 lindwurms
  An orange crystal statue (IceCv)
  16 ironbound convokers
  8 large abominations
  21 wolf spiders
  6 necromancers
  23 phantasmal warriors
  4 arcanists
  Pikel (D:8)
  9 steelbarb worms
  37 deep elf pyromancers
  24 deep elf zephyrmancers
  13 fauns
  10 orc knights
  A faun (shapeshifter) (Vaults:5)
  10 harpies
  4 orc sorcerers
  A cyclops (shapeshifter) (Depths:3)
  5 salamanders
  30 ugly things
  An oklob plant (Lair:3)
  6 cyclopes
  10 manticores
  Maurice (D:8)
  10 elephants (Lair:5)
  24 moths of wrath
  A centaur zombie (D:15)
  18 vault sentinels
  9 merfolk sirens
  A dire elephant zombie (Lair:5)
  2 kobold blastminers (Orc:1)
  4 water nymphs
  4 smoke demons (Abyss:4)
  2 torpor snails (Spider:3)
  3 apocalypse crabs (Shoals:1)
  3 black mambas
  5 guardian serpents (Desolation)
  12 cane toads
  An orange demon (D:2)
  7 gargoyles (WizLab)
  6 molten gargoyles
  An unseen horror zombie (Crypt:2)
  An efreet (D:11)
  19 rime drakes
  2 freezing wraiths
  5 komodo dragons
  A centaur skeleton (D:15)
  3 kobold demonologists
  An alligator snapping turtle skeleton (Crypt:1)
  2 unseen horrors
  4 tengu conjurers
  A red devil (Zot:5)
  23 yaktaurs
  An ancient zyme (Abyss:4)
  3 hellwings
  11 trolls
  40 merfolk
  6 wind drakes
  6 meliai
  A wind drake (shapeshifter) (D:12)
  81 saltlings (Desolation)
  17 tarantellas
  3 hornets
  A harpy zombie (Crypt:3)
  Prince Ribbit (D:8)
  18 polar bears (IceCv)
  29 blink frogs
  A troll (shapeshifter) (D:14)
  8 raiju (Abyss:4)
  A dream sheep (shapeshifter) (Vaults:5)
  2 glass eyes (Depths:3)
  13 snapping turtles
  A meliai zombie (Crypt:3)
  A fire giant simulacrum (Depths:2)
  A spectral elephant (Lair:5)
  3 air elementals
  19 slime creatures
  2 vampires
  A spriggan (shapeshifter) (D:12)
  30 jumping spiders
  11 shadows
  3 wyverns
  7 wraiths
  25 culicivoras
  18 water elementals
  2 fire bats (Depths:3)
  2 spriggans (Depths:1)
  6 fire elementals
  60 yaks
  Eustachio (D:4)
  A wind drake skeleton (Crypt:3)
  4 basilisks
  3 wargs (Orc:2)
  56 redbacks
  A redback (shapeshifter) (Depths:2)
  4 steam dragons
  14 vampire mosquitoes
  6 chaos spawn
  7 small abominations
  A death yak simulacrum (Lair:5)
  A fire bat zombie (Crypt:1)
  2 acid dragons
  10 water moccasins
  2 sky beasts
  25 orc warriors
  28 ogres
  4 boggarts
  A centaur (shapeshifter) (Vaults:5)
  2 elephant skeletons (Lair:5)
  8 centaurs
  16 wolves
  9 weeping skulls (Crypt:3)
  An elf zombie (Ossuary)
  7 kobold brigands
  A gnoll sergeant (D:9)
  9 bullfrogs
  A glowing shapeshifter simulacrum (Depths:2)
  A scorpion (D:5)
  A scorpion (shapeshifter) (Elf:2)
  3 earth elementals
  8 wights
  A hornet simulacrum (D:15)
  A burial acolyte (Ossuary)
  6 elephant simulacra (Lair:5)
  19 killer bees
  3 howler monkeys
  2 electric eels
  A polar bear skeleton (Crypt:3)
  A quasit (D:8)
  5 hounds
  2 jellies
  11 orc priests
  A human zombie (Ossuary)
  A sleepcap (D:7)
  A human skeleton (Crypt:3)
  Jessica (D:2)
  11 orc wizards
  2 iguanas
  7 hell rats (Lair:3)
  2 lightning spires (WizLab)
  A boggart skeleton (D:15)
  2 crocodile zombies (Ossuary)
  A tengu skeleton (Crypt:3)
  3 mummies (Ossuary)
  Robin (D:2)
  12 gnolls
  8 river rats (Sewer)
  9 adders
  2 shadow imps (D:8)
  2 white imps (D:8)
  2 ufetubi (D:8)
  An iguana zombie (Crypt:3)
  7 adder zombies (Ossuary)
  2 worms
  2 dart slugs
  62 orcs
  7 bats
  5 endoplasms
  A giant cockroach (D:2)
  12 goblins
  12 hobgoblins
  2 jackals (D:1)
  26 kobolds
  4 quokkas
  10 ball pythons
  7 ball python zombies (Ossuary)
  5 frilled lizards
  3 gnoll zombies (Ossuary)
  4 jackal zombies (Ossuary)
  5 kobold zombies (Ossuary)
  20 rats
2440 creatures vanquished.

Vanquished Creatures (others)
  An ettin (Depths:4)
  A radroach (Spider:2)
  An orb spider (Spider:4)
  A deep elf zephyrmancer (Elf:3)
  A salamander (WizLab)
  An unseen horror (D:12)
  A tengu conjurer (Depths:2)
  A culicivora (Spider:4)
  An air elemental (Elf:3)
  A fire bat (Depths:3)
  2 chaos spawn (Depths:4)
12 creatures vanquished.

Grand Total: 2452 creatures vanquished

Notes
Turn   | Place    | Note
-------+----------+-------------------------------------------
     0 | D:1      | dilly the Vine Stalker Alchemist began the quest for the
                  | Orb.
     0 | D:1      | Reached XP level 1. HP: 9/9 MP: 4/4
   143 | D:1      | Reached XP level 2. HP: 13/14 MP: 3/6
   197 | D:1      | Found a faded altar of an unknown god.
   952 | D:2      | Reached XP level 3. HP: 17/17 MP: 2/7
   994 | D:2      | Reached skill level 1 in Fighting
   994 | D:2      | Reached skill level 1 in Short Blades
  1059 | D:2      | Noticed Robin
  1157 | D:2      | Killed Robin
  1158 | D:2      | Reached XP level 4. HP: 22/22 MP: 1/8
  1199 | D:2      | Noticed Jessica
  1206 | D:2      | Killed Jessica
  1389 | D:2      | Learned a level 4 spell: Olgreb's Toxic Radiance
  1429 | D:2      | Reached XP level 5. HP: 25/25 MP: 10/10
  2021 | D:3      | Found an ornate altar of the Wu Jian Council.
  2412 | D:3      | Reached XP level 6. HP: 4/30 MP: 1/11
  2572 | D:3      | Identified a scroll of acquirement
  2572 | D:3      | Acquired 949 gold pieces
  2653 | D:4      | Found a staircase to the Ecumenical Temple.
  2718 | Temple   | Entered the Ecumenical Temple
  2724 | Temple   | Became a worshipper of Warmaster Okawaru
  2792 | D:4      | Found Reeg's Distillery.
  2797 | D:4      | Bought a potion of mutation for 96 gold pieces
  2797 | D:4      | Bought a potion of degeneration for 12 gold pieces
  2797 | D:4      | Bought a potion of curing for 36 gold pieces
  2797 | D:4      | Bought a potion of curing for 36 gold pieces
  2797 | D:4      | Bought a potion of haste for 120 gold pieces
  2797 | D:4      | Bought a potion of berserk rage for 60 gold pieces
  2797 | D:4      | Bought a potion of invisibility for 96 gold pieces
  2797 | D:4      | Bought a potion of might for 48 gold pieces
  2888 | D:4      | Noticed Eustachio
  2923 | D:4      | Learned a level 2 spell: Mercury Vapours
  3613 | D:5      | Entered Level 5 of the Dungeon
  3693 | D:5      | Learned a level 4 spell: Sticky Flame
  3702 | D:5      | Found a sand-covered staircase.
  3711 | Ossuary  | Entered an ossuary
  3779 | Ossuary  | Reached XP level 7. HP: 34/35 MP: 13/13
  3833 | Ossuary  | Reached skill level 1 in Air Magic
  3833 | Ossuary  | Reached skill level 1 in Invocations
  3855 | Ossuary  | Reached * piety under Okawaru
  4174 | D:5      | Found a hide-covered altar of Uskayaw.
  4176 | D:5      | Found a shadowy altar of Dithmenos.
  4807 | D:4      | Killed Eustachio
  4808 | D:4      | Reached skill level 1 in Armour
  4808 | D:4      | Gained mutation: You have razor-sharp teeth. [Vine Stalker
                  | growth]
  4808 | D:4      | Reached XP level 8. HP: 40/40 MP: 14/14
  4827 | D:4      | Found a staircase to the Ecumenical Temple.
  5344 | D:5      | Reached skill level 5 in Alchemy
  5397 | D:6      | Found a glowing drain.
  5406 | Sewer    | Entered a sewer
  5484 | Sewer    | Reached skill level 1 in Evocations
  5937 | D:6      | Reached ** piety under Okawaru
  5971 | D:6      | Reached skill level 1 in Fire Magic
  6409 | D:7      | Found a glowing silver altar of Zin.
  6499 | D:7      | Reached XP level 9. HP: 32/44 MP: 9/16
  6536 | D:7      | Found a stormy altar of Qazlal.
  6536 | D:7      | Found a radiant altar of Vehumet.
  6969 | D:7      | Reached *** piety under Okawaru
  7412 | D:8      | Noticed Prince Ribbit
  7429 | D:8      | Killed Prince Ribbit
  7454 | D:8      | Reached skill level 5 in Spellcasting
  7700 | D:8      | Reached **** piety under Okawaru
  7701 | D:8      | Reached XP level 10. HP: 47/50 MP: 3/18
  7723 | D:8      | Noticed Pikel
  7735 | D:8      | Killed Pikel
  7771 | D:8      | Noticed Maurice
  7778 | D:8      | Killed Maurice
  7946 | D:8      | Reached ***** piety under Okawaru
  8058 | D:8      | Noticed a two-headed ogre
  8087 | D:8      | Killed a two-headed ogre
  8482 | D:9      | Reached skill level 5 in Fighting
  8508 | D:9      | You fall into a shaft and drop 1 floor!
  8508 | D:10     | Entered Level 10 of the Dungeon
  8541 | D:10     | Found a staircase to the Orcish Mines.
  8547 | D:10     | Reached XP level 11. HP: 38/55 MP: 4/20
  8673 | D:10     | Reached skill level 5 in Short Blades
  8696 | D:10     | Received a gift from Okawaru
  9124 | D:10     | Reached skill level 5 in Invocations
  9388 | D:9      | Found a staircase to the Lair.
  9531 | D:9      | Identified the +0 spear of Hior {drain, rC+ rCorr Str+4}
  9601 | D:9      | Reached skill level 1 in Throwing
  9732 | D:9      | Reached skill level 5 in Fire Magic
  9765 | D:9      | Identified the +2 halberd of Cataclysm {drain, rPois rCorr}
  9953 | D:11     | Received a gift from Okawaru
 10042 | D:11     | Noticed a tengu warrior
 10044 | D:11     | Noticed a two-headed ogre
 10087 | D:11     | Killed a tengu warrior
 10213 | D:11     | Killed a two-headed ogre
 10426 | D:11     | Found a portal to a secret trove of treasure.
 10632 | D:11     | Found a sparkling altar of Nemelex Xobeh.
 10681 | D:11     | Noticed a two-headed ogre
 10691 | D:11     | Reached XP level 12. HP: 55/62 MP: 7/22
 10694 | D:11     | Killed a two-headed ogre
 10744 | D:11     | Noticed a boulder beetle
 10754 | D:11     | Killed a boulder beetle
 10754 | D:11     | Received a gift from Okawaru
 11136 | D:11     | Noticed a sun demon
 11872 | D:12     | Noticed a two-headed ogre
 11882 | D:12     | Killed a two-headed ogre
 12331 | D:12     | Noticed a hell knight
 12331 | D:12     | Noticed a two-headed ogre
 12340 | D:12     | Noticed december12's ghost (journeyman BaAr)
 12435 | D:12     | Found a transporter.
 12472 | D:12     | Found a transporter.
 12598 | D:12     | Received a gift from Okawaru
 13270 | Lair:1   | Entered Level 1 of the Lair of Beasts
 13494 | Lair:1   | Reached XP level 13. HP: 66/68 MP: 18/23
 13646 | Lair:1   | Reached ****** piety under Okawaru
 13649 | Lair:1   | Acquired a +0 kite shield of resistance
 13649 | Lair:1   | Received a gift from Okawaru
 13651 | Lair:1   | Acquired the +8 Vampire's Tooth {megavamp}
 13651 | Lair:1   | Received a gift from Okawaru
 13651 | Lair:1   | Found the +8 Vampire's Tooth {megavamp}
 14029 | Lair:2   | Received a gift from Okawaru
 14030 | Lair:2   | Reached skill level 10 in Short Blades
 14050 | Lair:2   | Reached skill level 1 in Shields
 14340 | Lair:2   | Found a staircase to the Shoals.
 14821 | Lair:2   | Found a hole to the Spider Nest.
 15084 | Lair:3   | Received a gift from Okawaru
 15106 | Lair:3   | Identified the +1 buckler of Dehitoqe {rF+ Dex+5}
 15131 | Lair:3   | Found a runed translucent door.
 15134 | Lair:3   | Noticed arrowsters's ghost (journeyman HuAE)
 16004 | Lair:4   | Found a viscous altar of Jiyva.
 16008 | Lair:4   | Found a staircase to the Slime Pits.
 16406 | Lair:5   | Entered Level 5 of the Lair of Beasts
 16469 | Lair:5   | Received a gift from Okawaru
 16475 | Lair:5   | Reached skill level 5 in Stealth
 16478 | Lair:5   | Reached XP level 14. HP: 74/74 MP: 24/24
 16561 | Lair:5   | Noticed a dire elephant
 16562 | Lair:5   | Noticed a dire elephant
 16562 | Lair:5   | Noticed a dire elephant
 16569 | Lair:5   | Noticed a dire elephant
 16610 | Lair:5   | Killed a dire elephant
 16686 | Lair:5   | Killed a dire elephant
 16702 | Lair:5   | Killed a dire elephant
 16703 | Lair:5   | Reached skill level 5 in Dodging
 16732 | Lair:5   | Killed a dire elephant
 16755 | Lair:5   | Got an earthy gem with 427 turns to spare
 16807 | Lair:5   | Received a gift from Okawaru
 17076 | Lair:5   | Learned a level 2 spell: Blink
 17080 | Lair:5   | Learned a level 3 spell: Fugue of the Fallen
 17238 | Lair:5   | Lost the earthy gem through the power of Zot.
 17252 | Lair:5   | Received a gift from Okawaru
 17708 | Orc:1    | Entered Level 1 of the Orcish Mines
 17721 | Orc:1    | Reached skill level 1 in Necromancy
 17721 | Orc:1    | Reached skill level 1 in Translocations
 17980 | Orc:2    | Entered Level 2 of the Orcish Mines
 18028 | Orc:2    | Noticed an orc warlord
 18083 | Orc:2    | Killed an orc warlord
 18151 | Orc:2    | Noticed an orc warlord
 18173 | Orc:2    | Killed an orc warlord
 18277 | Orc:2    | Received a gift from Okawaru
 18278 | Orc:2    | Reached skill level 10 in Invocations
 18314 | Orc:2    | Reached skill level 5 in Throwing
 18314 | Orc:2    | Reached XP level 15. HP: 67/79 MP: 20/25
 18356 | Orc:2    | Reached skill level 5 in Shields
 18444 | Orc:2    | Found Caixug's Distillery.
 18444 | Orc:2    | Found Ikam's General Store.
 18445 | Orc:2    | Found Uwiyth's Armour Shop.
 18445 | Orc:2    | Found Ces Qoaf's Antique Weapon Shoppe.
 18466 | Orc:2    | Received a gift from Okawaru
 18527 | Orc:2    | Bought a potion of mutation for 88 gold pieces
 18530 | Orc:2    | Bought a scroll of fog for 56 gold pieces
 18530 | Orc:2    | Bought a scroll of blinking for 105 gold pieces
 18556 | Orc:2    | Found a staircase to the Elven Halls.
 19198 | D:13     | Found an opulent altar of Gozag.
 19374 | D:13     | Noticed Sonja
 19379 | D:13     | Killed Sonja
 19384 | D:13     | Noticed Nessos
 19522 | D:13     | Found a gate to the Vaults.
 19701 | D:13     | Killed Nessos
 20094 | D:13     | Received a gift from Okawaru
 20317 | D:14     | Found Cynereocw's Assorted Antiques.
 20324 | D:14     | Bought a fuming white potion for 21 gold pieces
 20372 | D:14     | Found a shadowy altar of Dithmenos.
 20437 | D:14     | Identified the +3 plate armour of the Bagpipe {*Corrode
                  | rElec SInv}
 20535 | D:14     | Noticed Rupert
 20554 | D:14     | Killed Rupert
 20705 | D:14     | Learned a level 5 spell: Irradiate
 20718 | D:14     | Noticed Jorgrun
 20725 | D:14     | Killed Jorgrun
 20826 | D:15     | Entered Level 15 of the Dungeon
 21105 | D:15     | Reached XP level 16. HP: 84/84 MP: 26/26
 21126 | D:15     | Found a staircase to the Depths.
 21559 | D:15     | Gained mutation: You expend magic power (3 MP) to
                  | strengthen your wands. [potion of mutation]
 21559 | D:15     | Gained mutation: You are clumsy. (Dex -2) [potion of
                  | mutation]
 21559 | D:15     | Gained mutation: You have a pair of small antennae on your
                  | head. [potion of mutation]
 21560 | D:15     | Lost mutation: You have a pair of small antennae on your
                  | head. [potion of mutation]
 21560 | D:15     | Lost mutation: You are clumsy. (Dex -2) [potion of
                  | mutation]
 21560 | D:15     | Lost mutation: You expend magic power (3 MP) to strengthen
                  | your wands. [potion of mutation]
 21560 | D:15     | Gained mutation: You have hidden genetic defects. [potion
                  | of mutation]
 21560 | D:15     | Gained mutation: You are clumsy. (Dex -2) [potion of
                  | mutation]
 21560 | D:15     | Gained mutation: Your skin changes colour to match your
                  | surroundings (Stealth+). [potion of mutation]
 21560 | D:15     | Lost mutation: You have hidden genetic defects. [potion of
                  | mutation]
 21561 | D:15     | Lost mutation: Your skin changes colour to match your
                  | surroundings (Stealth+). [potion of mutation]
 21561 | D:15     | Lost mutation: You are clumsy. (Dex -2) [potion of
                  | mutation]
 21561 | D:15     | Gained mutation: You occasionally lose the ability to read
                  | scrolls when taking damage. [potion of mutation]
 21561 | D:15     | Gained mutation: You expend magic power (3 MP) to
                  | strengthen your wands. [potion of mutation]
 21562 | D:15     | Lost mutation: You occasionally lose the ability to read
                  | scrolls when taking damage. [potion of mutation]
 21562 | D:15     | Lost mutation: You expend magic power (3 MP) to strengthen
                  | your wands. [potion of mutation]
 21562 | D:15     | Gained mutation: You occasionally shout uncontrollably at
                  | your foes. [potion of mutation]
 21562 | D:15     | Gained mutation: You have a pair of small horns on your
                  | head. [potion of mutation]
 21562 | D:15     | Gained mutation: You are frail. (-10% HP) [potion of
                  | mutation]
 21563 | D:15     | Lost mutation: You are frail. (-10% HP) [potion of
                  | mutation]
 21563 | D:15     | Lost mutation: You have a pair of small horns on your head.
                  | [potion of mutation]
 21729 | Spider:1 | Entered Level 1 of the Spider Nest
 21781 | Spider:1 | Received a gift from Okawaru
 21999 | Lair:2   | Reached skill level 5 in Conjurations
 22029 | Spider:1 | Reached skill level 5 in Translocations
 22108 | Spider:1 | Reached skill level 5 in Necromancy
 22186 | Spider:1 | Lost mutation: You occasionally shout uncontrollably at
                  | your foes. [potion of mutation]
 22186 | Spider:1 | Gained mutation: You possess an exceptional clarity of
                  | mind. [potion of mutation]
 22186 | Spider:1 | Gained mutation: You occasionally lose the ability to read
                  | scrolls when taking damage. [potion of mutation]
 22187 | Spider:1 | Lost mutation: You occasionally lose the ability to read
                  | scrolls when taking damage. [potion of mutation]
 22187 | Spider:1 | Lost mutation: You possess an exceptional clarity of mind.
                  | [potion of mutation]
 22187 | Spider:1 | Gained mutation: Armour fits poorly on your strangely
                  | shaped body. [potion of mutation]
 22409 | Spider:1 | Identified the +0 hat of the Lion {rCorr Str+5 Int-4
                  | Stlth+}
 22689 | Spider:2 | Noticed Nikola
 22705 | Spider:2 | Lost mutation: Armour fits poorly on your strangely shaped
                  | body. [potion of mutation]
 22705 | Spider:2 | Gained mutation: You have a pair of small horns on your
                  | head. [potion of mutation]
 22705 | Spider:2 | Gained mutation: You are clumsy. (Dex -2) [potion of
                  | mutation]
 22705 | Spider:2 | Gained mutation: You occasionally lose the ability to read
                  | scrolls when taking damage. [potion of mutation]
 22705 | Spider:2 | Gained mutation: Your muscles are strong. (Str +4, Int/Dex
                  | -1) [potion of mutation]
 22790 | Spider:2 | Received a gift from Okawaru
 22852 | Spider:2 | Reached XP level 17. HP: 71/87 MP: 27/27
 22876 | Spider:2 | Killed Nikola
 23621 | Spider:3 | Received a gift from Okawaru
 23784 | Spider:3 | Reached skill level 10 in Alchemy
 23858 | Spider:3 | Identified the +7 falchion of Dithmenos's Whim {venom,
                  | rElec rPois Int-2 Stlth+}
 23867 | Spider:3 | Lost mutation: Your muscles are strong. (Str +4, Int/Dex
                  | -1) [potion of mutation]
 23867 | Spider:3 | Lost mutation: You are clumsy. (Dex -2) [potion of
                  | mutation]
 23867 | Spider:3 | Lost mutation: You have a pair of small horns on your head.
                  | [potion of mutation]
 23867 | Spider:3 | Gained mutation: You are frail. (-10% HP) [potion of
                  | mutation]
 23867 | Spider:3 | Gained mutation: You expend magic power (3 MP) to
                  | strengthen your wands. [potion of mutation]
 24024 | Spider:4 | Entered Level 4 of the Spider Nest
 24041 | Spider:4 | Found a frozen archway.
 24088 | IceCv    | Entered an ice cave
 24216 | IceCv    | Received a gift from Okawaru
 24606 | IceCv    | Identified the +0 helmet of the Slorg {Harm Str+2 Int+2
                  | Stlth+}
 24612 | IceCv    | Identified the ring of Recklessness {Ice +Blink rCorr Int-5
                  | Slay+3}
 24914 | Spider:4 | Reached XP level 18. HP: 82/82 MP: 28/28
 25614 | Spider:4 | Identified the +0 hat of Asceticism {Str+3}
 25625 | Spider:4 | Got a gossamer rune of Zot
 25974 | Elf:1    | Entered Level 1 of the Elven Halls
 26204 | D:12     | Killed december12's ghost
 26472 | Elf:1    | Paralysed by an air elemental for 1 turns
 26671 | Elf:1    | Found Bonisu's Firing Range.
 26680 | Elf:1    | Bought a throwing net for 45 gold pieces
 26699 | Elf:1    | Found Fel Sehu's Specific Store.
 26703 | Elf:1    | Found Osyc's General Store.
 26708 | Elf:1    | Bought a scroll of revelation for 105 gold pieces
 26712 | Elf:1    | Bought a scroll of teleportation for 60 gold pieces
 26932 | Elf:1    | Received a gift from Okawaru
 27409 | Elf:2    | Found a runed translucent gate.
 27409 | Elf:2    | Found a runed translucent gate.
 27412 | Elf:2    | Found a runed translucent gate.
 27432 | Elf:2    | Reached skill level 5 in Armour
 27612 | Elf:2    | Reached skill level 10 in Fighting
 27807 | Elf:2    | Found Keagippi's Antique Weapon Shoppe.
 27848 | Elf:2    | Found Tiahanti's Jewellery Emporium.
 27933 | Elf:2    | Reached XP level 19. HP: 80/88 MP: 25/29
 28093 | Elf:3    | Entered Level 3 of the Elven Halls
 28095 | Elf:3    | Reached skill level 10 in Shields
 28195 | Elf:3    | Found Yvab's Magic Scroll Shoppe.
 28248 | Elf:3    | Received a gift from Okawaru
 28267 | Elf:3    | Bought 3 scrolls of enchant weapon for 472 gold pieces
 28267 | Elf:3    | Bought a scroll of teleportation for 63 gold pieces
 28267 | Elf:3    | Bought a scroll of teleportation for 63 gold pieces
 28569 | Elf:3    | Reached skill level 10 in Dodging
 28647 | Elf:3    | Noticed an Ice Fiend
 29130 | Elf:3    | Identified the +10 long sword "Deqaifacw" {heavy, Str+3
                  | Dex+4}
 29159 | Elf:3    | Received a gift from Okawaru
 29183 | Elf:3    | Identified the staff of Regicide {rPois rF++ Int-4 Dex+3
                  | Alchemy}
 29840 | Elf:3    | Identified the +9 flail of Tartarus {spect, rC+ Str+5}
 29951 | Elf:3    | Identified the +8 quarterstaff of Raitek {vamp, rF+ Str+3}
 30058 | Elf:3    | Identified the +4 hand axe of Utoaz {holy, rPois}
 30263 | Elf:3    | Identified the +2 long sword of Xogextoi {elec, Stlth+}
 30630 | Elf:3    | Identified the staff "Tuylink" {rN+ Dex+3 Stlth+ Necro}
 30647 | Elf:3    | Identified the +0 quarterstaff "Impbane" {venom, Stlth+}
 30649 | Elf:3    | Got Ehuocisoe's Incunabulum of the Blizzard
 30655 | Elf:3    | Identified the +6 arbalest of Exchange {antimagic, rElec
                  | rF+ rN+ Stlth+}
 31031 | Shoals:1 | Entered Level 1 of the Shoals
 31036 | Shoals:1 | Received a gift from Okawaru
 31264 | Shoals:1 | Found a runed translucent door.
 31295 | Shoals:1 | Found a corrupted altar of Lugonu.
 31295 | Shoals:1 | Found a one-way gate to the infinite horrors of the Abyss.
 32073 | Shoals:2 | Reached XP level 20. HP: 23/94 MP: 5/30
 32633 | Shoals:3 | Found a flickering gateway to a bazaar.
 32649 | Bazaar   | Entered a bazaar
 32663 | Bazaar   | Found Vuellec's Magic Scroll Emporium.
 32663 | Bazaar   | Found Emanifog's Antique Weapon Shoppe.
 32711 | Bazaar   | Found Dantos's Distillery.
 32716 | Bazaar   | Bought a potion of resistance for 130 gold pieces
 32716 | Bazaar   | Bought 2 potions of curing for 78 gold pieces
 32780 | Bazaar   | Bought a scroll of teleportation for 39 gold pieces
 32780 | Bazaar   | Bought a scroll of enchant armour for 97 gold pieces
 32780 | Bazaar   | Bought a scroll of fear for 52 gold pieces
 32780 | Bazaar   | Bought 2 scrolls of teleportation for 78 gold pieces
 33637 | Shoals:4 | Entered Level 4 of the Shoals
 33642 | Shoals:4 | Learned a level 3 spell: Mephitic Cloud
 33661 | Shoals:4 | Received a gift from Okawaru
 33977 | Shoals:4 | Got a barnacled rune of Zot
 34942 | Orc:2    | Bought a +1 pair of gloves for 184 gold pieces
 35545 | Elf:2    | Received a gift from Okawaru
 36149 | Depths:1 | Entered Level 1 of the Depths
 36173 | Depths:1 | Noticed Saint Roka
 36269 | Depths:1 | Killed Saint Roka
 36390 | Depths:1 | Reached skill level 5 in Evocations
 36497 | Depths:1 | Reached XP level 21. HP: 99/99 MP: 34/34
 36529 | Depths:1 | Found Noima's Book Emporium.
 36529 | Depths:1 | Found Tiluog Bola's Antique Armour Shoppe.
 36776 | Depths:1 | Found a runed translucent door.
 36801 | Depths:1 | Noticed a golden dragon
 36801 | Depths:1 | Noticed a juggernaut
 36881 | Depths:1 | Found a gateway to Hell.
 36920 | Depths:1 | Lost mutation: You occasionally lose the ability to read
                  | scrolls when taking damage. [potion of mutation]
 36920 | Depths:1 | Lost mutation: You are frail. (-10% HP) [potion of
                  | mutation]
 36920 | Depths:1 | Gained mutation: You are occasionally teleported next to
                  | monsters. [potion of mutation]
 36920 | Depths:1 | Gained mutation: You are clumsy. (Dex -2) [potion of
                  | mutation]
 36920 | Depths:1 | Gained mutation: You passively map a small area around you.
                  | [potion of mutation]
 36987 | Depths:1 | Found a one-way gate leading to the halls of Pandemonium.
 37370 | Vaults:1 | Entered Level 1 of the Vaults
 37467 | Abyss:4  | Cast into level 4 of the Abyss (vault warden)
 37519 | Abyss:4  | Found a corrupted altar of Lugonu.
 37530 | Abyss:4  | Found a corrupted altar of Lugonu.
 37563 | Abyss:4  | Found a corrupted altar of Lugonu.
 37624 | Abyss:4  | Found a corrupted altar of Lugonu.
 37887 | Vaults:1 | Escaped the Abyss
 37890 | Vaults:1 | HP: 2/112 [yaktaur/bolt (18)]
 38301 | Vaults:1 | Found Yfiforamin's Weapon Emporium.
 38391 | Vaults:1 | Found Zotare's Antique Weapon Boutique.
 38745 | Vaults:1 | Received a gift from Okawaru
 39476 | Vaults:2 | Reached XP level 22. HP: 118/118 MP: 35/35
 39537 | Vaults:2 | Found a crumbling gateway.
 39542 | Desolati | Entered the Desolation of Salt
 39637 | Desolati | Identified the +1 robe of Slovenliness {Dex+4}
 39696 | Desolati | Identified the +10 spear of the Fortifying Gods {flame,
                  | rPois Will- Int+3 SInv}
 40033 | Desolati | Got the Spellbook of Allied Spooky Action
 40052 | Desolati | Identified the +2 leather armour of Buji {rC+ rN++}
 40077 | Desolati | Identified the +4 trident "Nian" {holy, Will+ Str+4 Int+2}
 40152 | Desolati | Identified the staff of Integrity {*Corrode +Blink rElec
                  | rPois Tloc Alchemy}
 40309 | Desolati | Received a gift from Okawaru
 40511 | Desolati | Identified the orb of Hiugunwaro {mayhem, rF+}
 40625 | Desolati | Identified the amulet "Bapramo" {Acrobat *Corrode Fly
                  | rPois}
 40673 | Desolati | Got the Parchment of Accelerants and Bedrock
 40774 | Desolati | Identified the ring "Ogemiox" {rCorr MP+9 Int+3 SInv
                  | Stlth-}
 41130 | Vaults:2 | Found a staircase to the Crypt.
 41742 | Vaults:2 | Found Nydgh's Antique Weapon Boutique.
 42094 | Vaults:3 | Found a runed translucent gate.
 42094 | Vaults:3 | Found a runed translucent gate.
 42094 | Vaults:3 | Found a runed translucent gate.
 42951 | Vaults:3 | Identified the +2 leather armour of Parlour Games {rC-
                  | Will+ rCorr Dex+3}
 42951 | Vaults:3 | Noticed Busi's ghost (adept CeHu)
 42954 | Vaults:3 | Found an iron altar of Okawaru.
 43123 | Vaults:3 | Reached XP level 23. HP: 89/124 MP: 36/36
 43177 | Vaults:3 | Killed Busi's ghost
 43221 | Vaults:3 | Lost mutation: You expend magic power (3 MP) to strengthen
                  | your wands. [potion of mutation]
 43221 | Vaults:3 | Lost mutation: You are occasionally teleported next to
                  | monsters. [potion of mutation]
 43221 | Vaults:3 | Lost mutation: You are clumsy. (Dex -2) [potion of
                  | mutation]
 43221 | Vaults:3 | Gained mutation: You occasionally shout uncontrollably at
                  | your foes. [potion of mutation]
 43221 | Vaults:3 | Gained mutation: You expend magic power (3 MP) to
                  | strengthen your wands. [potion of mutation]
 43221 | Vaults:3 | Gained mutation: You are dopey. (Int -2) [potion of
                  | mutation]
 43687 | Vaults:4 | Reached skill level 15 in Alchemy
 43912 | Vaults:4 | Reached skill level 15 in Shields
 44150 | Vaults:4 | Received a gift from Okawaru
 44385 | Vaults:5 | Entered Level 5 of the Vaults
 44511 | Vaults:5 | Noticed a dread lich
 44538 | Vaults:5 | Killed a dread lich
 44647 | Vaults:5 | Reached skill level 15 in Dodging
 44712 | Vaults:5 | Received a gift from Okawaru
 44861 | Vaults:5 | Reached XP level 24. HP: 78/129 MP: 36/36
 44968 | Vaults:5 | Identified the staff of Honour {rPois rF+ Will+ rCorr Int-5
                  | Fire}
 44973 | Vaults:5 | Found Ninweu's Antique Armour Shoppe.
 45077 | Vaults:5 | Reached skill level 15 in Fighting
 45080 | Vaults:5 | Identified the ring "Alok" {Ice ^Contam *Corrode Fly Str+4}
 45179 | Vaults:5 | Identified the +0 leather armour "Vuwasaz" {SInv}
 45179 | Vaults:5 | Identified the +0 buckler of Gihacsusmu {*Corrode *Slow
                  | rPois Regen+}
 45231 | Vaults:5 | Identified the +8 trident "Amuway" {flame, +Blink rCorr}
 45524 | Vaults:5 | Identified the +3 cloak "Jola" {Slay+3 Stlth+}
 45600 | Vaults:5 | Identified the +6 whip of Sudwol {flame, rN+ Str+3 Int-2}
 45700 | Vaults:5 | Identified the +2 chain mail of Zaipien {rPois rN+ Dex+3}
 45705 | Vaults:5 | Got A Beginning Course on Hermetics
 45804 | Vaults:5 | Identified the +1 rapier of the Known World {freeze, Dex+4}
 45844 | Vaults:5 | Identified the +0 helmet of Arcadian Miracles {MP+9 Int+4
                  | Dex-3}
 45882 | Vaults:5 | Got a silver rune of Zot
 46366 | Crypt:1  | Entered Level 1 of the Crypt
 46511 | Crypt:2  | Noticed Boris
 46518 | Crypt:2  | Killed Boris
 46549 | Crypt:3  | Entered Level 3 of the Crypt
 46594 | Crypt:3  | Received a gift from Okawaru
 46814 | Crypt:3  | Identified the +8 dire flail of Blood-Lust {antimagic, rF-
                  | Str+5}
 46816 | Crypt:3  | Found a staircase to the Tomb.
 47063 | Crypt:3  | Received a gift from Okawaru
 47084 | Crypt:3  | Found a basalt altar of Yredelemnul.
 47092 | Crypt:3  | Reached skill level 10 in Throwing
 47235 | Arena    | Entered the Arena
 47239 | Arena    | Reached XP level 25. HP: 27/136 MP: 8/36
 47308 | Crypt:3  | Identified the +4 long sword of Salt {heavy, ^Drain rElec
                  | Will- rCorr}
 47309 | Crypt:3  | Identified the ring of Birdsong {rN+ Int+2}
 47309 | Crypt:3  | Identified the ring of the Hammering Gods {rN+ Str+4}
 47309 | Crypt:3  | Identified the ring of Loesead {rF+ rN+ Will+ Int-4}
 47395 | Crypt:3  | Got an ivory gem with 973 turns to spare
 48065 | Depths:2 | Noticed Margery
 48226 | Depths:2 | Killed Margery
 48372 | Depths:2 | Found a flickering gateway to a bazaar.
 48382 | Bazaar   | Entered a bazaar
 48382 | Bazaar   | Found Viuvadgh's Weapon Emporium.
 48396 | Bazaar   | Found Osovap's Magic Scroll Shop.
 48404 | Bazaar   | Bought a scroll of fear for 56 gold pieces
 48404 | Bazaar   | Bought a scroll of enchant weapon for 105 gold pieces
 48404 | Bazaar   | Bought a scroll of fear for 56 gold pieces
 48404 | Bazaar   | Bought a scroll of teleportation for 42 gold pieces
 48404 | Bazaar   | Bought a scroll of enchant armour for 105 gold pieces
 48404 | Bazaar   | Bought a scroll of teleportation for 42 gold pieces
 48426 | Bazaar   | Found Agiacoicy's Magic Scroll Emporium.
 48432 | Bazaar   | Bought a scroll of enchant armour for 45 gold pieces
 48432 | Bazaar   | Bought a scroll of blinking for 45 gold pieces
 48432 | Bazaar   | Bought a scroll of enchant weapon for 45 gold pieces
 48432 | Bazaar   | Bought a scroll of fear for 24 gold pieces
 48435 | Bazaar   | Found Faosch's Assorted Antiques.
 48443 | Bazaar   | Bought a potion of resistance for 180 gold pieces
 48443 | Bazaar   | Bought a potion of resistance for 180 gold pieces
 48443 | Bazaar   | Bought a scroll of enchant weapon for 135 gold pieces
 48564 | Depths:2 | Identified the amulet "Ilokybb" {Reflect Int+3 SH+5}
 48835 | Depths:2 | Identified the +4 scale mail of the Sturgeon {rCorr Int-4
                  | Dex+3}
 48906 | Depths:2 | Found an iron altar of Okawaru.
 49196 | Depths:3 | Found a one-way gateway to a ziggurat.
 49209 | Depths:3 | You are sucked into a shaft and drop 1 floor!
 49209 | Depths:4 | Entered Level 4 of the Depths
 49360 | Depths:3 | Found a magical portal.
 49367 | WizLab   | Entered Maxwell's Workshop
 49393 | WizLab   | Received a gift from Okawaru
 49611 | WizLab   | Identified the ring of Vanity {Fire rPois}
 49822 | WizLab   | Identified the ring of New Discoveries {Fire rPois rN+}
 49830 | WizLab   | Identified the +7 dagger "Orb Guardian's Death" {freeze,
                  | rF- rC+ rN+ rCorr}
 49987 | Depths:3 | Reached XP level 26. HP: 127/144 MP: 36/36
 50292 | Depths:3 | Identified the ring "Qaares" {rPois rN+ rCorr Str+3 Dex+6}
 50636 | Depths:4 | Reached skill level 10 in Evocations
 50697 | Depths:4 | Received a gift from Okawaru
 50780 | Depths:4 | Found an ancient bone altar of Kikubaaqudgha.
 50820 | Depths:4 | Found Laihoh's Book Boutique.
 50951 | Depths:4 | Found a gate to the Realm of Zot.
 50989 | Depths:4 | Got a midnight gem with 122 turns to spare
 50989 | Depths:4 | Got the Collected Works on Anathema
 51005 | Zot:1    | Entered Level 1 of the Realm of Zot
 51148 | Zot:1    | Noticed Vv
 51326 | Zot:2    | Received a gift from Okawaru
 51786 | Zot:2    | Found a basalt altar of Yredelemnul.
 51794 | Zot:2    | Found a shimmering blue altar of Sif Muna.
 51856 | Zot:3    | Reached skill level 15 in Throwing
 51993 | Zot:3    | Reached XP level 27. HP: 107/150 MP: 31/36
 52168 | Zot:3    | Received a gift from Okawaru
 52468 | Zot:5    | Entered Level 5 of the Realm of Zot
 52701 | Zot:5    | Got a prismatic gem with 213 turns to spare
 52793 | Zot:5    | Received a gift from Okawaru
 52916 | Zot:5    | Noticed an orb of fire
 52938 | Zot:5    | Killed an orb of fire
 52941 | Zot:5    | Noticed an ancient lich
 52969 | Zot:5    | Killed an ancient lich
 53100 | Zot:5    | Lost the prismatic gem through the power of Zot.
 53118 | Zot:5    | Noticed a dread lich
 53118 | Zot:5    | Noticed an orb of fire
 53120 | Zot:5    | Noticed an orb of fire
 53185 | Zot:5    | Killed an orb of fire
 53211 | Zot:5    | Killed an orb of fire
 53271 | Zot:5    | Killed a dread lich
 53310 | Zot:5    | Noticed an orb of fire
 53353 | Zot:5    | Noticed an orb of fire
 53359 | Zot:5    | Killed an orb of fire
 53368 | Zot:5    | Noticed an orb of fire
 53377 | Zot:5    | Killed an orb of fire
 53377 | Zot:5    | Received a gift from Okawaru
 53392 | Zot:5    | Killed an orb of fire
 53783 | Zot:5    | Got the Orb of Zot
 54471 | D:$      | Escaped with the Orb!

Illustrated notes

Levels and vault maps discovered:
D:1:      dpeg_arrival_central, layout_basic,
          shapermc_ecumenical_altar_mp_vishouse
D:2:      layout_loops_ring, uniq_jessica, uniq_robin
D:3:      layout_loops_ring, mainiacjoe_overflow_brackets
D:4:      layout_basic, minmay_temple_entry_stoned_glass, serial_shops,
          nicolae_shop_tiny_waterfront, saegor_snake_ambush, uniq_eustachio
D:5:      layout_rooms, nicolae_overflow_squiral,
          mainiacjoe_ossuary_entry_dusty_tomb, chequers_serial_rivers_large_a
D:6:      layout_cave_pools, cheibrodos_sewer_entry_sluice
D:7:      layout_layer_cave, nicolae_overflow_two_pavilions, zin_academy,
          minivault_25
D:8:      layout_basic, serial_demonic, serial_demonic_b, serial_demonic_c,
          serial_demonic_b, serial_demonic_f, serial_demonic_a,
          serial_demonic_d, uniq_pikel, uniq_maurice, uniq_prince_ribbit1
D:9:      layout_long_grid, lair_entry_dummy, grunt_potential
D:10:     layout_basic, orc_david_3, feat_on_display
D:11:     layout_stronghold, nicolae_trove_entry_diagonal, minmay_ruined_shrine
D:12:     layout_loops_ring, gammafunk_ghost_arena, uniq_azrael
D:13:     layout_long_grid, hellmonk_vaults_order_and_chaos, grunt_ministairs_7,
          chequers_serial_rivers_micro_d, minmay_hedge_maze,
          grunt_gozag_breadcrumbs, uniq_nessos, uniq_sonja
D:14:     layout_loops_ring, nicolae_dithmenos_the_darkroom, serial_shops, shop,
          uniq_jorgrun, uniq_rupert
D:15:     grunt_enter_depths_magical_seal, layout_loops_ring,
          minmay_misc_feat_chi
Temple:   eino_temple_rhombus
Lair:1:   layout_regular_city, chequers_serial_rivers_micro_d,
          serial_bayou_shore_a
Lair:2:   layout_cave_pods, minmay_shoals_entry_hut, dummy_spider_entry,
          nicolae_quartered_pool_super, chequers_serial_rivers_small_a,
          patterned_corridor, lemuel_fruit_fields
Lair:3:   layout_cave_shapes, ebering_ghost_inner_flame, dpeg_oklob_1
Lair:4:   layout_misc_corridors, dpeg_slime_entry_corner, grunt_megastairs_1
Lair:5:   due_jungle_book, layout_misc_corridors
Shoals:1: layout_shoals, nicolae_shoals_abyss_on_the_beach
Shoals:2: layout_shoals, nicolae_shoals_drake_roost
Shoals:3: cheibrodos_shoals_oceanic_diplomacy, layout_shoals, serial_shops,
          bzr_entry_gold
Shoals:4: shoals_end_grunt_ice, layout_shoals, nicolae_shoals_hunting_party
Spider:1: nicolae_spider_mines_1, hellmonk_motheaten_closet
Spider:2: layout_spider_delve, nicolae_spider_solar_radiation, uniq_nikola
Spider:3: layout_spider_delve
Spider:4: guppyfry_spider_rune, portal_ice_cave_entry_pillars_1,
          nicolae_spider_checkerboard
Orc:1:    layout_diamond_mine, biasface_ghost_orc_armoury, bh_open_orc_temple
Orc:2:    st_orc_ogre_mass, layout_diamond_mine
Elf:1:    minmay_elf_arrival_summoners, layout_geoelf_diagonals, st_stairs_13,
          nicolae_specific_store, nicolae_shop_firing_range
Elf:2:    elven_hall_of_blades_hangedman_original
          [nicolae_blade_entry_area_security], layout_loops_corners,
          serial_shops, shop_fountains, minmay_shop_enchanted_jewellery,
          einodemon_crawler_minivault
Elf:3:    elf_hall, layout_rooms, serial_shops, shop
Vaults:1: grunt_vaults_hallway_long, nicolae_vaults_taking_the_gang_shopping,
          nicolae_vaults_swerve, nicolae_vaults_murder_corner,
          hangedman_vaults_unwind, nicolae_vaults_border_crossing,
          ontoclasm_vaults_twist, vaults_dpeg_hooks,
          ontoclasm_vaults_loading_screen, layout_vaults_omnicross,
          serial_shops, shop
Vaults:2: portal_desolation_entry_ruin, nicolae_vaults_offset_grid_hallway_2,
          nicolae_vaults_theta, minmay_crypt_entry_simple_plaza,
          nicolae_vaults_angled_halls, v_misc_15,
          nicolae_vaults_little_squares_6, vaults_room_stairs_pillars,
          layout_vaults_omnigrid, serial_shops, shop
Vaults:3: gammafunk_ghost_fury_of_okawaru, v_alt_pattern_4, v_misc_22, v_misc_1,
          nicolae_vaults_security_offices_4, nicolae_vaults_layer_cake_slice,
          nicolae_vaults_asterisk, nicolae_vaults_more_shelving_1,
          nicolae_vaults_yaktaur_gun_rack, layout_vaults_big_room
Vaults:4: nicolae_vaults_tetromino_Z_1, v_misc_13, hangedman_vaults_cutoff,
          v_alt_pattern_6, nicolae_vaults_disjoint_gnomons,
          nicolae_vaults_wine_cellar, nicolae_vaults_little_ls,
          ontoclasm_vaults_chip, ontoclasm_vaults_decontamination, v_misc_17,
          nicolae_vaults_trapezoid_3, layout_vaults_ring
Vaults:5: serial_shops
Crypt:1:  layout_regular_city, grunt_ministairs_14, palyth_stone_intersect,
          hex_large, st_stairs_5, serial_library_regret_index_multi
Crypt:2:  layout_misc_corridors, minivault_5, nicolae_danse_macabre, uniq_boris
Crypt:3:  church_of_pain_bobbens, layout_chaotic_city, grunt_megastairs_2
Depths:1: layout_gridlike, abyss_entry, hell_entry, grunt_pan_entry_sceptre,
          minmay_misc_feat_rugged, wad_hexagon, minmay_shoptagon,
          uniq_saint_roka
Depths:2: minmay_concentric_multi, layout_cave_shapes, pan_entry,
          okawaru_gym_becter, serial_shops, freezing_bzr, grunt_metal_band,
          infiniplex_staircase_pool_2
Depths:3: kennysheep_bubble_arena, layout_cave_shapes, enter_ziggurat_b,
          abyss_entry, rand_demon_pan_entry_9, infiniplex_enter_wizlab_spiral,
          hell_entry, nicolae_ru_path_of_blood
Depths:4: lemuel_castle_with_subvaults [lemuel_castle_interior_original],
          layout_cave_pools, pf_hell_entry_tar_spiral, minmay_room_of_horrors,
          nicolae_kikubaaqudgha_miasma_corner, serial_shops,
          nicolae_shop_crystal, drop_trap, grunt_decor_mini_mirrors
Zot:1:    layout_gridlike, hangedman_zot_gyre, uniq_vv
Zot:2:    layout_gridlike, regret_index_zotdec_gossamer_parallel,
          grunt_ministairs_10, grunt_megastairs_3
Zot:3:    ebering_greatest_show_in_zot, layout_misc_corridors,
          regret_index_zotdec_wing_it
Zot:4:    layout_cathedral_of_symmetry, bh_zot_lava_cross
Zot:5:    layout_twisted_circle

Skill      XL: |  1  2  3  4  5  6  7  8  9 10 11 12 13 14 15 16 17 18 19 20 21 22 23 24 25 26 27 |
---------------+----------------------------------------------------------------------------------+-----
Stealth        | 3 4 5 7 8 |  8.6
Fighting       | 1 2 3 4 5 6 8 9 10 11 12 13 14 15 16 17 19 | 19.5
Short Blades   | 1 2 3 4 6 9 11 12 13 14 | 14.0
Dodging        | 2 3 4 5 6 7 8 9 10 11 12 13 15 16 17 18 | 18.0
Spellcasting   | 3 4 5 6 8 |  8.0
Alchemy        | 4 5 6 8 9 10 11 13 14 15 | 15.0
Air Magic      | 1 2 |  2.0
Invocations    | 1 2 3 4 6 8 9 10 11 12 13 | 13.0
Armour         | 1 2 3 5 7 |  7.0
Evocations     | 2 3 4 5 7 8 9 10 | 10.3
Fire Magic     | 1 3 4 5 |  5.0
Conjurations   | 3 4 5 7 8 |  8.1
Throwing       | 2 3 5 6 7 8 10 12 15 18 | 18.0
Shields        | 3 4 6 8 9 11 12 13 14 16 17 18 19 | 19.1
Necromancy     | 2 4 5 6 |  6.0
Translocations | 2 4 5 6 |  6.0

Action                     |  1- 3 |  4- 6 |  7- 9 | 10-12 | 13-15 | 16-18 | 19-21 | 22-24 | 25-27 || total
---------------------------+-------+-------+-------+-------+-------+-------+-------+-------+-------++-------
  Melee: Dagger            |    60 |   210 |   170 |       |       |       |       |       |       ||   440
         Bite              |    20 |    68 |   115 |   138 |   969 |  1303 |  1966 |  2677 |  2645 ||  9901
         Unarmed           |     3 |       |       |       |       |       |       |       |       ||     3
         Punch             |     3 |     4 |     9 |    10 |    74 |       |       |       |       ||   100
         Rapier            |       |       |   181 |   349 |    12 |       |       |   310 |   140 ||   992
         Quick blade       |       |       |       |       |  1847 |  2430 |  3331 |  3716 |  3700 || 15024
         Headbutt          |       |       |       |       |       |   214 |       |       |       ||   214
  Throw: Javelin           |       |       |       |       |    12 |     5 |    15 |     6 |    12 ||    50
         Dart              |       |       |       |       |     3 |     3 |       |       |       ||     6
         Throwing net      |       |       |       |       |       |       |       |     1 |       ||     1
   Cast: Sting             |    20 |    52 |    13 |       |       |       |       |       |       ||    85
         Olgreb's Toxic Ra |       |     1 |    13 |    69 |    18 |    19 |     8 |       |       ||   128
         Sticky Flame      |       |       |       |    10 |       |     2 |       |     1 |       ||    13
         Fugue of the Fall |       |       |       |       |       |     5 |     2 |     3 |     2 ||    12
         Blink             |       |       |       |       |       |     2 |     2 |     1 |       ||     5
         Irradiate         |       |       |       |       |       |     2 |     1 |     6 |       ||     9
         Mephitic Cloud    |       |       |       |       |       |       |     1 |       |       ||     1
 Invoke: Heroism           |       |       |     1 |     1 |    19 |    26 |    30 |    21 |    22 ||   120
         Finesse           |       |       |       |     1 |     6 |     8 |    10 |    12 |    15 ||    52
         Receive Weapon    |       |       |       |       |     1 |       |       |       |       ||     1
         Receive Armour    |       |       |       |       |     1 |       |       |       |       ||     1
         Duel              |       |       |       |       |       |       |       |     1 |       ||     1
  Evoke: Wand              |       |       |     3 |    14 |    11 |       |     5 |       |     2 ||    35
         Phial of floods   |       |       |       |       |     1 |     1 |     1 |     1 |       ||     4
         Tin of tremorston |       |       |       |       |       |       |     3 |     2 |       ||     5
    Use: Scroll            |     3 |     4 |     4 |     2 |    10 |     7 |     6 |     7 |     5 ||    48
         Potion            |       |       |     2 |     1 |       |    14 |     6 |     1 |    13 ||    37
   Stab: Sleeping          |     4 |     6 |     9 |     3 |    19 |    21 |    29 |    29 |    20 ||   140
         Distracted        |       |     1 |     2 |       |     4 |     3 |     7 |     4 |     2 ||    23
         Paralysed         |       |       |     3 |     6 |     2 |       |     1 |       |       ||    12
         Invisible         |       |       |       |       |       |    31 |       |       |    17 ||    48
         Confused          |       |       |       |       |       |       |     2 |       |       ||     2
         Held in net/web   |       |       |       |       |       |       |       |     1 |       ||     1
 Armour: Robe              |    30 |    12 |       |       |       |       |       |       |       ||    42
         Leather armour    |       |    75 |   204 |   210 |       |       |       |       |       ||   489
         Troll leather arm |       |       |       |    66 |   546 |   483 |   456 |   751 |   645 ||  2947
  Dodge: Dodged            |    50 |   104 |   197 |   255 |   651 |   747 |   855 |  1030 |  1100 ||  4989
  Block: Buckler           |       |       |       |       |    64 |   697 |   738 |       |       ||  1499
         Reflection        |       |       |       |       |       |    24 |    45 |       |       ||    69
         Kite shield       |       |       |       |       |       |       |    29 |  1381 |  1281 ||  2691

Table legend: (Time is in decaauts)
 A = Elapsed time spent in this place.
 B = Non-inter-level travel time spent in this place.
 C = Inter-level travel time spent in this place.
 D = Time resting spent in this place.
 E = Time spent auto-exploring this place.
 F = Levels seen in this place.
 G = Mean time per level.
                   A        B        C        D        E       F      G
               +--------+--------+--------+--------+--------+-----+--------+
         Total |  48861 |  43824 |   5037 |   4888 |  26589 |  60 |  814.3 |
       Dungeon |  15952 |  14013 |   1939 |   2605 |   8841 |  15 | 1063.5 |
        Temple |     12 |      6 |      6 |      0 |      0 |   1 |   12.0 |
          Lair |   4871 |   4169 |    702 |    226 |   3100 |   5 |  974.2 |
        Shoals |   3364 |   3024 |    340 |     39 |   2220 |   4 |  841.0 |
   Spider Nest |   2662 |   2501 |    161 |    253 |   1418 |   4 |  665.5 |
  Orcish Mines |   1627 |    936 |    691 |      0 |    661 |   2 |  813.5 |
   Elven Halls |   4742 |   4509 |    233 |   1421 |   1847 |   3 | 1580.7 |
        Vaults |   5745 |   5378 |    367 |    110 |   3626 |   5 | 1149.0 |
         Crypt |   1252 |   1114 |    138 |     70 |    582 |   3 |  417.3 |
        Depths |   2994 |   2729 |    265 |      0 |   1770 |   4 |  748.5 |
           Zot |   2127 |   1935 |    192 |     44 |    938 |   5 |  425.4 |
         Abyss |    348 |    348 |      0 |      0 |    172 |   1 |  348.0 |
        Bazaar |    279 |    279 |      0 |      0 |    132 |   2 |  139.5 |
         Sewer |    531 |    531 |      0 |      0 |    352 |   1 |  531.0 |
       Ossuary |    299 |    299 |      0 |      0 |    113 |   1 |  299.0 |
      Ice Cave |    602 |    602 |      0 |      0 |    313 |   1 |  602.0 |
        Wizlab |    440 |    440 |      0 |     40 |    171 |   1 |  440.0 |
    Desolation |    988 |    988 |      0 |     67 |    329 |   1 |  988.0 |
         Arena |     16 |     16 |      0 |     11 |      0 |   1 |   16.0 |
               +--------+--------+--------+--------+--------+-----+--------+

Top non-repeatable levels by time:
   Elf:3: 2335 daAuts
     D:4: 2041 daAuts
    D:12: 1754 daAuts
    D:11: 1617 daAuts
   Elf:2: 1474 daAuts
  Lair:2: 1460 daAuts
    D:13: 1417 daAuts
Vaults:5: 1365 daAuts
Vaults:2: 1219 daAuts
Vaults:3: 1171 daAuts
   Orc:2: 1164 daAuts
    D:10: 1123 daAuts
 Crypt:3: 1087 daAuts
     D:7: 1047 daAuts
  Lair:5: 1039 daAuts
